 Dungeon Sprint DCSS version 0.22.1-1-ga44c0e56f4 (webtiles) character file.

1087 MuseOD the Covert (level 8, -14/46 HPs)
             Began as a Spriggan Enchanter on Sept 28, 2018.
             Was a Believer of Dithmenos.
             Demolished by Snorg (18 damage)
             ... in the Dungeon (Sprint III: "The Ten Rune Challenge").
             The game lasted 00:02:29 (540 turns).

MuseOD the Covert (Spriggan Enchanter)               Turns: 540, Time: 00:02:29

Health: -14/46     AC:  4    Str:  4    XL:     8   Next: 9%
Magic:  11/13      EV: 18    Int: 19    God:    Dithmenos [**....]
Gold:   33         SH:  0    Dex: 18    Spells: 6/12 levels left

rFire    . . .     SeeInvis +   a - +1 dagger
rCold    . . .     Gourm    .   (shield restricted)
rNeg     . . .     Faith    .   b - +0 robe
rPois    .         Spirit   .   (helmet restricted)
rElec    .         Reflect  .   (no cloak)
rCorr    .         Harm     .   (gloves unavailable)
MR       +....     NoTele   +   (boots unavailable)
Stlth    ++++++++..             (no amulet)
HPRegen  0.00/turn              (no ring)
MPRegen  0.13/turn              (no ring)

@: wreathed by umbra, very quick
A: very small, unfitting armour, molten scales 1, thin skeletal structure 1, see
invisible, herbivore, speed 3, sense surroundings 1, inhibited regeneration,
slow metabolism 2
a: Shadow Step, Renounce Religion


You were in the Dungeon.
You worshipped Dithmenos.
Dithmenos was pleased with you.
You were not hungry.

You visited 1 branch You collected 33 gold pieces.

Inventory:

Hand Weapons
 a - a +1 dagger (weapon)
 r - a cursed -3 dagger
Armour
 b - a +0 robe (worn)
Wands
 f - a wand of random effects (16)
Scrolls
 c - 2 scrolls of enchant armour {unknown}
 i - a scroll of torment {unknown}
 j - a scroll of blinking
 k - 4 scrolls of remove curse
 m - a scroll of immolation {unknown}
 n - 2 scrolls of identify {unknown}
Potions
 e - 3 potions of curing
 g - a potion of haste
 h - a potion of magic
 l - 2 potions of flight
 o - 3 potions of mutation
 p - a potion of berserk rage
 q - a potion of might
Comestibles
 d - 4 rations


   Skills:
 + Level 7.4 Fighting
 * Level 13.3 Short Blades
 - Level 3.0 Dodging
 + Level 13.8 Stealth
 - Level 2.6 Spellcasting
 - Level 3.6 Hexes


You had 6 spell levels left.
You knew the following spells:

 Your Spells              Type           Power        Failure   Level  Hunger
a - Corona                Hex            ###....      3%          1    None
b - Ensorcelled Hibernat  Hex/Ice        #.....       12%         2    ##.....
c - Confuse               Hex            ###.....     11%         3    ###....

Your spell library contained the following spells:

 Spells                   Type           Power        Failure   Level  Hunger
 Confusing Touch          Hex            ###...       3%          1    None
 Tukima's Dance           Hex            ###.....     11%         3    ###....
 Dazzling Spray           Conj/Hex       #.....       22%         3    ###....
 Gell's Gravitas          Tloc           #.........   43%         3    ###....
 Petrify                  Tmut/Erth      #.......     83%         4    ####...
 Metabolic Englaciation   Hex/Ice        #.........   91%         5    ######.
 Yara's Violent Unravell  Hex/Tmut       #.........   91%         5    ######.


Dungeon Overview and Level Annotations

Branches:
Dungeon (1/1)

Altars:
Dithmenos
Elyvilon
Kikubaaqudgha
Okawaru
Ru
Sif Muna
Trog
Uskayaw
Vehumet
Wu Jian
Yredelemnul
Zin
The Shining One
Beogh

Annotations:
D Snorg


Innate Abilities, Weirdness & Mutations

You are very small and have problems with some larger weapons.
You are too small for most types of armour.
You have supernaturally acute eyesight. (SInv)
You are a herbivore.
You cover ground extremely quickly.
You need to consume almost no food.
You are partially covered in molten scales. (AC +2)
You have a somewhat thin skeletal structure. (Dex +2, Stealth)
You passively map a small area around you.
You do not regenerate when monsters are visible.


Message History

Snorg the Insatiable comes into view.
Snorg shouts!
Snorg goes berserk!
There is an open door here.
Casting: Confuse (safe; 11% risk of failure)
Confirm with . or Enter, or press ? or * to list all spells.
Aiming: Confuse (safe; 11% risk of failure)
Press: ? - help, Shift-Dir - straight line, f - Snorg
Aim: Snorg (berserk, fast, unusually strong, umbra, chance to defeat MR: 16%) Snorg resists with almost no effort.
Snorg bites you!! Snorg claws you!!
* * * LOW HITPOINT WARNING * * *
Snorg claws you.
* * * LOW HITPOINT WARNING * * *
There is an open door here.
You hear a shout!
Casting: Confuse (safe; 11% risk of failure)
Confirm with . or Enter, or press ? or * to list all spells.
You don't know that spell.
Snorg barely misses you. x2; Snorg claws you!!
You die...

▓▓▓▓▓▓▓▓▓ ▓▓▓ * ..'.....♣♣
♣.############ ..#....♣.♣
♣♣.#___#___#__# *
###.†....♣ ♣..#...#__)#._#
,
..#....≈♣♣♣♣..###'#'###'##
,
..#...≈≈....♣.#........).#
, ,
.[#..≈≈≈≈...E.+.@........#
*
#'#..≈≈≈≈≈≈...#..T######'#
, ** ..#.≈≈≈≈≈≈....#.⌠.#
#...#+#####
†.#.≈≈≈≈≈.....#.).#
#...#..≈≈≈+
..#.≈≈≈.......#'###_
#...#.#§≈§#
###...........#.[)#
#...'.#..§#
..............#___#
+...#.#...#
▓▓▓▓▓▓▓▓▓▓▓▓▓▓▓▓▓▓▓*
▓▓▓▓▓▓▓▓▓▓▓ ≈ ≈* ,, ≈ ≈, ,


You could see Snorg (berserk).

Vanquished Creatures
  A deep elf mage (D)
  A shadow (D)
  A necrophage (D)
  A scorpion (D)
  A jelly (D)
  A necromancer (D)
  A wizard (D)
  3 humans (D)
  A kobold demonologist (D)
  4 rats (D)
15 creatures vanquished.

Vanquished Creatures (others)
  2 draconian scorchers (D)
  6 hellions (D)
  A yaktaur (D)
9 creatures vanquished.

Grand Total: 24 creatures vanquished

Notes
Turn   | Place    | Note
-------+----------+-------------------------------------------
     0 | D        | MuseOD the Spriggan Enchanter began the quest for the Orb.
     0 | D        | Reached XP level 1. HP: 9/9 MP: 5/5
    69 | D        | Reached skill level 1 in Fighting
    69 | D        | Reached XP level 2. HP: 14/15 MP: 6/6
    95 | D        | Killed a hellion
    96 | D        | Killed a hellion
   122 | D        | Killed a yaktaur
   146 | D        | Killed a white draconian scorcher
   154 | D        | Learned a level 2 spell: Ensorcelled Hibernation
   161 | D        | Noticed a scorpion
   170 | D        | Killed a scorpion
   170 | D        | Reached XP level 3. HP: 20/20 MP: 5/8
   170 | D        | Reached XP level 4. HP: 24/24 MP: 5/9
   175 | D        | Killed a hellion
   192 | D        | Learned a level 3 spell: Confuse
   213 | D        | Killed a white draconian scorcher
   215 | D        | Noticed a water elemental
   233 | D        | Found a glowing silver altar of Zin.
   233 | D        | Found a glowing golden altar of the Shining One.
   233 | D        | Found a white marble altar of Elyvilon.
   234 | D        | Noticed a deep elf mage
   242 | D        | Gained mutation: Your muscles are strong. (Str +2) [potion
                  | of mutation]
   242 | D        | Gained mutation: You expend magic power (3 MP) to
                  | strengthen your wands. [potion of mutation]
   242 | D        | Gained mutation: You do not regenerate when monsters are
                  | visible. [potion of mutation]
   242 | D        | Gained mutation: You have a pair of small horns on your
                  | head. [potion of mutation]
   243 | D        | Lost mutation: You expend magic power (3 MP) to strengthen
                  | your wands. [potion of mutation]
   243 | D        | Lost mutation: Your muscles are strong. (Str +2) [potion of
                  | mutation]
   243 | D        | Lost mutation: You have a pair of small horns on your head.
                  | [potion of mutation]
   243 | D        | Gained mutation: You are partially covered in molten
                  | scales. (AC +2) [potion of mutation]
   243 | D        | Gained mutation: You have a somewhat thin skeletal
                  | structure. (Dex +2, Stealth) [potion of mutation]
   243 | D        | Gained mutation: You passively map a small area around you.
                  | [potion of mutation]
   247 | D        | Killed a hellion
   261 | D        | Killed a deep elf mage
   261 | D        | Reached XP level 5. HP: 19/32 MP: 7/10
   261 | D        | Reached XP level 6. HP: 21/36 MP: 7/11
   311 | D        | Killed a hellion
   319 | D        | Killed a hellion
   390 | D        | Found a basalt altar of Yredelemnul.
   390 | D        | Found a shadowy altar of Dithmenos.
   390 | D        | Found a sacrificial altar of Ru.
   400 | D        | Reached XP level 7. HP: 41/41 MP: 5/12
   404 | D        | Became a worshipper of Dithmenos the Shadowed
   454 | D        | Found a hide-covered altar of Uskayaw.
   454 | D        | Found a roughly hewn altar of Beogh.
   454 | D        | Found an iron altar of Okawaru.
   454 | D        | Found a bloodstained altar of Trog.
   454 | D        | Found an ornate altar of the Wu Jian Council.
   454 | D        | Noticed a human
   455 | D        | Noticed a human
   457 | D        | Killed a human
   458 | D        | Killed a human
   470 | D        | Found a radiant altar of Vehumet.
   470 | D        | Found a deep blue altar of Sif Muna.
   470 | D        | Found an ancient bone altar of Kikubaaqudgha.
   472 | D        | Reached * piety under Dithmenos
   506 | D        | Noticed a shadow
   508 | D        | Killed a shadow
   508 | D        | Reached XP level 8. HP: 46/46 MP: 13/13
   512 | D        | Reached ** piety under Dithmenos
   521 | D        | Noticed Snorg
   540 | D        | Demolished by Snorg

Skill      XL: |  1  2  3  4  5  6  7 |
---------------+----------------------+-----
Short Blades   | 4 6 11 13 | 13.3
Fighting       | 1 3 6 7 |  7.4
Stealth        | 6 7 12 13 | 13.8
Dodging        | |  3.0
Spellcasting   | |  2.6
Hexes          | |  3.6

Action                   |  1- 3 |  4- 6 |  7- 9 || total
-------------------------+-------+-------+-------++-------
Melee: Dagger            |    23 |    19 |     6 ||    48
 Cast: Ensorcelled Hiber |     1 |       |       ||     1
       Confuse           |       |     4 |     1 ||     5
  Use: Potion            |     1 |     4 |       ||     5
 Stab: Sleeping          |     4 |       |     6 ||    10
       Confused          |       |     4 |       ||     4
Dodge: Dodged            |    12 |     4 |     2 ||    18
